[Event "ICC Open 2015"]
[Site "Internet Chess Club"]
[Date "2015.05.29"]
[Round "9"]
[White "Shadeath"]
[Black "BlackHorse96"]
[Result "1-0"]
[ICCResult "Black checkmated"]
[WhiteElo "2950"]
[BlackElo "3281"]
[Opening "Nimzovich-Larsen attack: classical variation"]
[ECO "A01"]
[NIC "VO.08"]
[Time "21:06:08"]
[TimeControl "180+0"]

1. b3 d5 2. Bb2 Bg4 3. Nf3 Bxf3 4. exf3 e6 5. f4 Nf6 6. g3 c5 7. Bg2 Nc6 8.
O-O Be7 9. d3 O-O 10. Nd2 b5 11. a4 b4 12. Re1 Rc8 13. Qe2 a5 14. Rad1 d4
15. Nc4 Nd5 16. f5 exf5 17. Bxd5 Qxd5 18. Nb6 Qd6 19. Nxc8 Rxc8 20. Bc1 Qd5
21. Bg5 f6 22. Bf4 g6 23. Qe6+ Qxe6 24. Rxe6 Kf7 25. Rde1 Ne5 26. Bxe5 Kxe6
27. Bxd4+ Kf7 28. Bb2 Rd8 29. f3 g5 30. h3 h5 31. Kg2 Rd5 32. Re2 Bd6 33.
Bc1 Be5 34. f4 gxf4 35. Bxf4 Ke6 36. Kf3 Rd7 37. Re1 Kd5 38. Be3 Rg7 39. Bf2
Rg8 40. Re2 Rg6 41. Re1 Rg7 42. Re2 Rd7 43. Re1 Bd4 44. Bxd4 Kxd4 45. Kf4
Kc3 46. Re2 Rg7 47. h4 Rg4+ 48. Kf3 Rd4 49. Ke3 Rd8 50. Kf3 Rg8 51. Kf4 Rg4+
52. Kf3 Kb2 53. Rf2 Kc1 54. Re2 Kd1 55. Rf2 Rg7 56. Rg2 Re7 57. Kf4 Re2 58.
Rxe2 Kxe2 59. Kxf5 Kd2 60. g4 hxg4 61. Kxg4 Kxc2 62. h5 Kxd3 63. h6 c4 64.
h7 cxb3 65. h8=Q b2 66. Qh7+ Kc3 67. Qb1 Kb3 68. Kf5 Ka3 69. Kxf6 Kxa4 70.
Qxb2 Kb5 71. Ke5 Kc4 72. Ke4 b3 73. Qd4+ Kb5 74. Qc3 Ka4 75. Kd4 Kb5 76.
Qxb3+ Kc6 77. Qa4+ Kd6 78. Qxa5 Ke6 79. Qg5 Kd6 80. Qf6+ Kd7 81. Kd5 Kc7 82.
Qa6 Kd7 83. Qb7+ Ke8 84. Ke6 Kf8 85. Qf7# {Black checkmated} 1-0

[Event "ICC Open 2015"]
[Site "Internet Chess Club"]
[Date "2015.05.29"]
[Round "9"]
[White "Irenaeus"]
[Black "OuttaShape"]
[Result "0-1"]
[ICCResult "White forfeits on time"]
[WhiteElo "1846"]
[BlackElo "2129"]
[Opening "French: Two knights variation"]
[ECO "C00"]
[NIC "FR.01"]
[Time "21:06:22"]
[TimeControl "180+0"]

1. e4 e6 2. Nc3 d5 3. Nf3 Nf6 4. e5 Nfd7 5. d4 c5 6. dxc5 Nc6 7. Bf4 Be7 8.
Bd3 Nxc5 9. O-O Qb6 10. Be3 Qxb2 11. Nb5 Nxd3 12. Qxd3 Nxe5 13. Nc7+ Kd8 14.
Nxe5 Kxc7 15. Bf4 Bd6 16. Nc4 Qxa1 17. Bxd6+ Kd7 18. Rxa1 dxc4 19. Qd2 b6
20. Rd1 Bb7 21. Be5+ Bd5 22. Qb4 Rhc8 23. Qd6+ Ke8 24. Bxg7 Rd8 25. Qf8+ Kd7
26. Qxf7+ Kc6 27. Be5 Rd7 28. Qf4 Rg8 29. f3 h5 30. Rxd5 exd5 31. c3 Re8 32.
Bd4 Rde7 33. Qf6+ Re6 34. Qf5 h4 35. h3 Re1+ 36. Kh2 R1e6 37. Qf7 R8e7 38.
Qf8 Re8 39. Qf5 R8e7 40. f4 Re8 41. Qg5 R6e7 42. Qxh4 Rf7 43. Qg3 Ref8 44.
f5 Rf6 45. Qg4 Rxf5 46. h4 Kb5 47. h5 Rf4 48. Qg3 R8f5 49. Kg1 Re4 50. Kh2
Rff4 {White forfeits on time} 0-1

[Event "ICC Open 2015"]
[Site "Internet Chess Club"]
[Date "2015.05.29"]
[Round "9"]
[White "gonesailing"]
[Black "Hareaum"]
[Result "1-0"]
[ICCResult "Black checkmated"]
[WhiteElo "1645"]
[BlackElo "1726"]
[Opening "Scandinavian defense"]
[ECO "B01"]
[NIC "SD.03"]
[Time "21:06:20"]
[TimeControl "180+0"]

1. e4 d5 2. exd5 Nf6 3. Nf3 Nxd5 4. d4 c6 5. c3 Bg4 6. Bd3 e6 7. O-O Nd7 8.
h3 Bh5 9. a3 N7f6 10. Re1 Bxf3 11. Qxf3 Bd6 12. Bg5 Qa5 13. Nd2 Be7 14. Nc4
Qd8 15. Ne5 O-O 16. c4 Nc7 17. Rad1 Nd7 18. Bxh7+ Kxh7 19. Qh5+ Kg8 20. Bxe7
Qxe7 21. Ng4 Nf6 22. Nxf6+ Qxf6 23. Re4 g6 24. Qh6 Qg7 25. Qf4 f5 26. Ree1
Rfe8 27. b4 g5 28. Qg3 Rad8 29. d5 cxd5 30. cxd5 Nxd5 31. Qb3 Nf4 32. Kh2 g4
33. g3 Nxh3 34. Rxd8 Rxd8 35. Qxe6+ Qf7 36. Qh6 Nxf2 37. Qg5+ Kh7 38. Qxd8
Qh5+ 39. Kg2 Nh3 40. Re7+ Kh6 41. Qf8+ Kg5 42. Rg7+ Qg6 43. Rxg6+ Kxg6 44.
Qe8+ Kg5 45. Qg8+ Kf6 46. Qh8+ Ke6 47. Qh7 b5 48. Qxa7 f4 49. gxf4 Nxf4+ 50.
Kg3 Nd3 51. Qb7 Ke5 52. Qxb5+ Kd4 53. Kxg4 Ne5+ 54. Kf4 Nd3+ 55. Qxd3+ Kxd3
56. b5 Kc4 57. b6 Kb5 58. b7 Ka6 59. b8=Q Ka5 60. Qb4+ Ka6 61. Ke5 Ka7 62.
Kd6 Ka6 63. Kc6 Ka7 64. Qb7# {Black checkmated} 1-0

[Event "ICC Open 2015"]
[Site "Internet Chess Club"]
[Date "2015.05.29"]
[Round "9"]
[White "supermonkey"]
[Black "yaguaro"]
[Result "1-0"]
[ICCResult "Black forfeits on time"]
[WhiteElo "1878"]
[BlackElo "2049"]
[Opening "Alekhine's defense: modern, Schmid variation"]
[ECO "B03"]
[NIC "AL.09"]
[Time "21:06:23"]
[TimeControl "180+0"]

1. e4 Nf6 2. e5 Nd5 3. d4 Nb6 4. Nf3 d6 5. Bd3 g6 6. c3 Bg7 7. Qe2 O-O 8. a4
a5 9. O-O Bg4 10. Re1 Bxf3 11. Qxf3 dxe5 12. dxe5 Nc6 13. Bf4 e6 14. Bc2 Nd5
15. Bg3 Qe7 16. Nd2 Nb6 17. Qe2 Qc5 18. Nf3 Nd5 19. h4 h5 20. Ng5 Nde7 21.
Rad1 Rad8 22. Rxd8 Rxd8 23. Ne4 Qb6 24. Nf6+ Kf8 25. Kh2 Qxb2 26. Nh7+ Kg8
27. Nf6+ Kf8 28. Nh7+ Kg8 29. Nf6+ Kh8 30. Rd1 Rxd1 31. Qxd1 Qxc3 32. Qd7
Bxf6 33. exf6 Qxf6 34. Qxc7 g5 35. hxg5 Qxg5 36. f4 Qc5 37. Be4 h4 38. Bxh4
Qh5 39. g3 Qe2+ 40. Bg2 Qc2 41. Qxb7 Kg7 42. Qb6 Qc3 43. Qf2 Qd4 44. Qe2 Qc3
45. g4 Qd4 46. f5 Qf4+ 47. Bg3 Qh6+ 48. Kg1 Qc1+ 49. Bf1 Qh6 50. f6+ Qxf6
51. g5 {Black forfeits on time} 1-0

[Event "ICC Open 2015"]
[Site "Internet Chess Club"]
[Date "2015.05.29"]
[Round "9"]
[White "LMLLM"]
[Black "Ashtanga"]
[Result "1-0"]
[ICCResult "Black resigns"]
[WhiteElo "2408"]
[BlackElo "1818"]
[Opening "Nimzovich-Larsen attack: modern variation"]
[ECO "A01"]
[NIC "VO.08"]
[Time "21:07:35"]
[TimeControl "180+0"]

1. b3 e5 2. Bb2 Nc6 3. g3 Nf6 4. Bg2 d5 5. e3 Be7 6. Ne2 O-O 7. O-O Be6 8.
d3 Qd7 9. Nd2 Bh3 10. f3 Bxg2 11. Kxg2 Rfe8 12. e4 Rad8 13. Rf2 Bc5 14. Rf1
Qe6 15. Kh1 Rd7 16. Qe1 Red8 17. Rd1 Bb4 18. c3 Bc5 19. Nc1 a5 20. Qe2 Re8
21. Kg2 Rde7 22. Kh1 Qh3 23. Qg2 Qh6 24. Qe2 Nh5 25. Kg2 Nf6 26. Kh1 Nh5 27.
Qg2 Nf6 28. Qe2 Qg5 29. exd5 Nxd5 30. Ne4 Qh6 31. Nxc5 Ne3 32. Rf2 Nxd1 33.
Qxd1 b6 34. Ne4 Nd8 35. Ne2 f5 36. Bc1 Qg6 37. Nd2 Ne6 38. Nf1 Ng5 39. Qd2
Nf7 40. Ng1 Rd7 41. Qe2 Red8 42. f4 Rxd3 43. fxe5 Ng5 44. Bxg5 Qxg5 45. Nf3
Qc1 46. Nd4 Rd1 47. e6 Re8 48. e7 Rxe7 49. Qxe7 Rxf1+ 50. Kg2 Rg1+ 51. Kf3
Qd1+ 52. Re2 Qd3+ 53. Kf2 {Black resigns} 1-0

[Event "ICC Open 2015"]
[Site "Internet Chess Club"]
[Date "2015.05.29"]
[Round "9"]
[White "waynehatcher"]
[Black "capatal1"]
[Result "1-0"]
[ICCResult "Black forfeits on time"]
[WhiteElo "1711"]
[BlackElo "1460"]
[Opening "English opening"]
[ECO "A05"]
[NIC "KI.75"]
[Time "21:06:39"]
[TimeControl "180+0"]

1. Nf3 Nf6 2. c4 g6 3. g3 Bg7 4. Bg2 c6 5. O-O O-O 6. Nc3 d6 7. d4 Bg4 8. b3
Qc8 9. Re1 Bh3 10. Bh1 Nbd7 11. Bb2 Re8 12. e4 e5 13. d5 Nc5 14. Qc2 a5 15.
Rad1 Bg4 16. Rd2 Bh6 17. Rde2 cxd5 18. Nxd5 Nxd5 19. exd5 Bf5 20. Qc3 Bg7
21. Nh4 Bd7 22. f4 f6 23. a3 Qd8 24. Qc2 f5 25. fxe5 dxe5 26. Bxe5 Ne4 27.
Bxg7 Kxg7 28. Bxe4 fxe4 29. Qc3+ Kg8 30. Rxe4 Rxe4 31. Rxe4 Qf8 32. Qe3 Re8
33. Rxe8 Bxe8 34. Qe5 Qg7 35. Qxg7+ Kxg7 36. Ng2 Kf6 37. Nf4 Bd7 38. Kf2 h5
39. Ke3 Kf5 40. Ne2 g5 41. Nd4+ Kf6 42. c5 Be8 43. c6 bxc6 44. dxc6 Ke5 45.
c7 Bd7 46. Nb5 Bc8 47. a4 Kd5 48. Kf3 Kc6 49. Ke3 Kd7 50. Ke4
{Black forfeits on time}
1-0

[Event "ICC Open 2015"]
[Site "Internet Chess Club"]
[Date "2015.05.29"]
[Round "9"]
[White "kevinice"]
[Black "ShadowLike"]
[Result "1/2-1/2"]
[ICCResult "Black ran out of time and White has no material to mate"]
[WhiteElo "1980"]
[BlackElo "2260"]
[Opening "Budapest: Fajarowicz variation"]
[ECO "A51"]
[NIC "QG.01"]
[Time "21:06:41"]
[TimeControl "180+0"]

1. d4 Nf6 2. c4 e5 3. dxe5 Ne4 4. Nf3 Nc6 5. Nbd2 Nc5 6. Nb3 Ne6 7. e3 d6 8.
exd6 Bxd6 9. Be2 b6 10. Bd2 Bb7 11. Bc3 O-O 12. O-O Qe7 13. Nbd4 Rad8 14.
Nf5 Qe8 15. Qc2 Bc5 16. Ng5 Nxg5 17. Bxg7 Qe4 18. Qxe4 Nxe4 19. Bxf8 Kxf8
20. Rfd1 Rxd1+ 21. Rxd1 Ke8 22. f3 Nd6 23. Nxd6+ Bxd6 24. Kf2 Bc5 25. a3 a5
26. Rd5 Kf8 27. Rh5 Kg7 28. Bd3 h6 29. Be4 Nd8 30. Bxb7 Nxb7 31. Ke2 Nd6 32.
Kd3 f5 33. g4 Kg6 34. h3 a4 35. e4 fxe4+ 36. fxe4 Nf7 37. h4 Kf6 38. Rf5+
Ke6 39. g5 hxg5 40. hxg5 Ne5+ 41. Kc3 Ng4 42. Rd5 Bd6 43. c5 bxc5 44. Kc4
Be5 45. Kb5 Bd6 46. Kxa4 Ne5 47. b4 cxb4 48. axb4 Nc4 49. Kb5 Nb6 50. Rd3
Nd7 51. Rh3 Ne5 52. Rh6+ Kf7 53. Rf6+ Ke7 54. Ka4 Nd7 55. b5 Nxf6 56. gxf6+
Kxf6 57. e5+ Bxe5 58. Ka5 Bd6 59. Ka6 Bc5 60. Kb7 Bb6 61. Kc6 Ke5 62. Kb7
Ke4 63. Kc6 Kd4 64. Kb7 Kc4 65. Ka6 Kb4 66. Kb7 Kxb5 67. Kc8 c5 68. Kd7 c4
69. Ke6 c3 70. Kf5 c2 71. Ke4 c1=Q 72. Kf3
{Black ran out of time and White has no material to mate}
1/2-1/2

[Event "ICC Open 2015"]
[Site "Internet Chess Club"]
[Date "2015.05.29"]
[Round "9"]
[White "nikenwidiartto"]
[Black "Ricardov"]
[Result "0-1"]
[ICCResult "White forfeits on time"]
[WhiteElo "1873"]
[BlackElo "2333"]
[Opening "Scotch gambit: Dubois-Réti defense"]
[ECO "C55"]
[NIC "KP.02"]
[Time "21:06:08"]
[TimeControl "180+0"]

1. e4 e5 2. Nf3 Nc6 3. d4 exd4 4. Bc4 Nf6 5. e5 Ne4 6. Bd5 Nc5 7. O-O Ne6 8.
Nbd2 Bc5 9. Nb3 Bb6 10. Bxc6 dxc6 11. Qe2 c5 12. Nfd2 c6 13. Nc4 Bc7 14. f4
b5 15. Nd6+ Bxd6 16. exd6 O-O 17. f5 Qxd6 18. fxe6 Bxe6 19. Bf4 Qd5 20. Qe5
Rfd8 21. Rae1 c4 22. Nc5 Qxe5 23. Rxe5 Bd5 24. Rfe1 h6 25. Re7 d3 26. cxd3
cxd3 27. Nxd3 Bxa2 28. Nb4 Bd5 29. Nxd5 Rxd5 30. Rc7 c5 31. Ree7 Rf5 32. Be3
Rd8 33. g4 Rf6 34. Bxc5 Rd1+ 35. Kg2 Rd2+ 36. Kg3 Rxb2 37. Bd4 Rb3+ 38. Re3
Rxe3+ 39. Bxe3 a6 40. Rb7 Re6 41. Kf3 Re5 42. Ra7 Re6 43. Bd4 Rd6 44. Ke4
Rc6 45. Rb7 Rg6 46. Rb6 Rxg4+ 47. Kd5 Rh4 48. Rxa6 Rxh2 49. Rb6 Rh5+ 50. Kc6
Rf5 51. Rxb5 Rxb5 52. Kxb5 g5 53. Kc4 Kh7 54. Kd5 Kg6 55. Ke4 f5+ 56. Kf3 h5
57. Bc5 Kf6 58. Bb4 Ke5 59. Bc3+ Ke6 60. Bg7 Kf7 61. Bh6 Kg6 62. Bf8 h4 63.
Be7 Kh5 64. Kg2 g4 65. Bd6 Kg5 66. Bc5 Kh5 67. Be3 h3+ 68. Kg3 Kg6 69. Bf4
Kf6 70. Kh2 Ke6 71. Kg3 Kd5 72. Bb8 Ke4 73. Bf4 Kd3 74. Bb8 Ke4
{White forfeits on time}
0-1

[Event "ICC Open 2015"]
[Site "Internet Chess Club"]
[Date "2015.05.29"]
[Round "9"]
[White "Womacka"]
[Black "Eros"]
[Result "0-1"]
[ICCResult "White forfeits on time"]
[WhiteElo "2445"]
[BlackElo "3014"]
[Opening "Sicilian: Kan, Polugaievsky variation"]
[ECO "B42"]
[NIC "SI.42"]
[Time "21:08:50"]
[TimeControl "180+0"]

1. e4 c5 2. Nf3 e6 3. d4 cxd4 4. Nxd4 a6 5. Bd3 Bc5 6. Nb3 Be7 7. Qg4 g6 8.
Qe2 d6 9. O-O Nd7 10. a4 b6 11. Na3 Qc7 12. Nc4 Bb7 13. a5 b5 14. Nb6 Nxb6
15. axb6 Qxb6 16. Be3 Qc7 17. Na5 Nf6 18. Bxb5+ axb5 19. Qxb5+ Qd7 20. Qxb7
Qxb7 21. Nxb7 Kd7 22. f3 Rhb8 23. Rxa8 Rxa8 24. b4 Rb8 25. Na5 Rxb4 26. c3
Ra4 27. Nb3 e5 28. Rb1 d5 29. exd5 Nxd5 30. Nc5+ Bxc5 31. Bxc5 Nxc3 32. Rb6
Rc4 33. Ba3 Ne2+ 34. Kf2 Nf4 35. Rb7+ Ke6 36. Rb6+ Kd7 37. Rb7+ Rc7 38.
Rxc7+ Kxc7 39. g3 Ne6 40. Ke3 Kc6 41. g4 Kd5 42. h4 f5 43. gxf5 gxf5 44. Be7
Nf4 45. Kf2 Ke6 46. Bd8 Kd5 47. Bc7 Kc6 48. Bb8 Kd5 49. Bc7 Ne6 50. Bb8 Nc5
51. Ke3 f4+ 52. Kf2 Ke6 53. Bc7 Kf5 54. Bd6 Ne6 55. Bb8 Nf8 56. Bd6 Ng6 57.
h5 Nh8 58. Bb8 Nf7 59. Bc7 Kg5 60. Ke2 Kxh5 61. Kd3 Kg5 62. Ke4 Kf6 63. Kd5
Kf5 64. Bb8 h5 65. Ba7 h4 66. Bg1 Ng5 {White forfeits on time} 0-1

[Event "ICC Open 2015"]
[Site "Internet Chess Club"]
[Date "2015.05.29"]
[Round "9"]
[White "f5"]
[Black "Anneay"]
[Result "1/2-1/2"]
[ICCResult "Game drawn because neither player has mating material"]
[WhiteElo "2145"]
[BlackElo "2474"]
[Opening "Petrov three knights game"]
[ECO "C42"]
[NIC "RG.01"]
[Time "21:12:59"]
[TimeControl "180+0"]

1. e4 e5 2. Nf3 Nf6 3. Nc3 Bb4 4. Bc4 d6 5. d3 O-O 6. h3 c6 7. O-O Nbd7 8.
Bb3 Re8 9. Ne2 Nf8 10. Ng3 Ng6 11. Bg5 h6 12. Be3 d5 13. c3 Ba5 14. Bc2 Bb6
15. Qe2 Nf4 16. Bxf4 exf4 17. Nh1 dxe4 18. dxe4 Nxe4 19. Bxe4 f5 20. Rad1
Qe7 21. Bd5+ cxd5 22. Qxe7 Rxe7 23. Rxd5 Be6 24. Re5 Kf7 25. Rfe1 Rae8 26.
a3 g5 27. g3 fxg3 28. Nxg3 Kf6 29. Kg2 Bc7 30. R5e2 Bxg3 31. fxg3 Bc4 32.
Rxe7 Rxe7 33. Rxe7 Kxe7 34. Ne5 Bd5+ 35. Kf2 Ke6 36. Nd3 b6 37. Ke3 Bb7 38.
Kd4 Kd6 39. c4 a5 40. b4 axb4 41. axb4 h5 42. c5+ bxc5+ 43. bxc5+ Ke6 44.
Nb4 h4 45. gxh4 gxh4 46. c6 Bc8 47. Ke3 Ke5 48. Nd3+ Kd6 49. Kf4 Kxc6 50.
Ne5+ Kd5 51. Ng6 Ke6 52. Nxh4 Kf6 53. Nf3 Bb7 54. Nd4 Be4 55. h4 Kg6 56.
Nxf5 Bxf5 57. h5+ Kxh5 {Game drawn because neither player has mating
material} 1/2-1/2

[Event "ICC Open 2015"]
[Site "Internet Chess Club"]
[Date "2015.05.29"]
[Round "10"]
[White "Ernie1"]
[Black "jorgeearroyo"]
[Result "0-1"]
[ICCResult "White checkmated"]
[WhiteElo "1293"]
[BlackElo "1231"]
[Opening "Levitsky attack (Queen's bishop attack)"]
[ECO "D00"]
[NIC "QP.08"]
[Time "21:20:38"]
[TimeControl "180+0"]

1. d4 d5 2. Bg5 Nc6 3. e3 Bf5 4. Bd3 Qd7 5. Bxf5 Qxf5 6. Nf3 e5 7. Nxe5 Qxg5
8. O-O Nxe5 9. dxe5 Qxe5 10. Nc3 Bd6 11. Nb5 Qxh2# {White checkmated} 0-1

[Event "ICC Open 2015"]
[Site "Internet Chess Club"]
[Date "2015.05.29"]
[Round "10"]
[White "AAntonioEu"]
[Black "blackending"]
[Result "1-0"]
[ICCResult "Black resigns"]
[WhiteElo "1943"]
[BlackElo "1707"]
[Opening "Sicilian: Canal-Sokolsky attack, 3...Bd7"]
[ECO "B52"]
[NIC "SI.01"]
[Time "21:19:37"]
[TimeControl "180+0"]

1. e4 c5 2. Nf3 d6 3. Bb5+ Bd7 4. Bxd7+ Nxd7 5. O-O e6 6. d3 Ngf6 7. c4 g6
8. Nc3 Bg7 9. Ng5 a6 10. f4 O-O 11. Qf3 h6 12. Nh3 Qc7 13. Nf2 Rab8 14. a4
Rfd8 15. g4 Nb6 16. a5 Nc8 17. f5 gxf5 18. gxf5 e5 19. Kh1 Kh7 20. Rg1 Rg8
21. Qh3 Ne7 22. Rxg7+ Rxg7 23. Qxh6+ Kg8 24. Qxf6 Qd8 25. Bh6 Qf8 26. Bxg7
{Black resigns}
1-0

[Event "ICC Open 2015"]
[Site "Internet Chess Club"]
[Date "2015.05.29"]
[Round "10"]
[White "EpicEffects"]
[Black "youngjp"]
[Result "1-0"]
[ICCResult "Black resigns"]
[WhiteElo "2279"]
[BlackElo "1979"]
[Opening "Sicilian: accelerated fianchetto, modern variation with Bc4"]
[ECO "B35"]
[NIC "SI.33"]
[Time "21:19:40"]
[TimeControl "180+0"]

1. e4 c5 2. Nf3 Nc6 3. d4 cxd4 4. Nxd4 g6 5. Bc4 Bg7 6. Be3 Nf6 7. Nc3 O-O
8. Bb3 d6 9. f3 Bd7 10. Qd2 Rc8 11. O-O-O Nxd4 12. Bxd4 b5 13. h4 a5 14. Nd5
Nxd5 15. Bxg7 Kxg7 16. Bxd5 b4 17. h5 Ba4 18. Bb3 Bxb3 19. axb3 Rh8 20. h6+
Kg8 21. Qd4 f6 22. Qd5+ Kf8 23. g4 Rc5 24. Qxc5 {Black resigns} 1-0

[Event "ICC Open 2015"]
[Site "Internet Chess Club"]
[Date "2015.05.29"]
[Round "10"]
[White "NietzscheBac"]
[Black "BigChesstes"]
[Result "0-1"]
[ICCResult "White resigns"]
[WhiteElo "1578"]
[BlackElo "1791"]
[Opening "QGD: Chigorin defense"]
[ECO "D07"]
[NIC "QP.08"]
[Time "21:19:31"]
[TimeControl "180+0"]

1. d4 d5 2. c4 Nc6 3. Nc3 dxc4 4. d5 Na5 5. Qa4+ c6 6. e4 b5 7. Qd1 a6 8. a4
Nb3 9. Ra3 e6 10. dxc6 Qxd1+ 11. Kxd1 Bxa3 12. bxa3 Nxc1 13. Kxc1 Ne7 14.
axb5 axb5 15. Nxb5 O-O 16. Bxc4 Nxc6 17. Nf3 Ba6 18. Nd6 Bxc4 19. Nxc4 Rfc8
20. Rd1 Na5 21. Nd2 Nxc4 22. Nxc4 Rxc4+ 23. Kb2 Rb8+ {White resigns} 0-1

[Event "ICC Open 2015"]
[Site "Internet Chess Club"]
[Date "2015.05.29"]
[Round "10"]
[White "born2die"]
[Black "ErnestoRondon"]
[Result "0-1"]
[ICCResult "White checkmated"]
[WhiteElo "1658"]
[BlackElo "1860"]
[Opening "Sicilian defense"]
[ECO "B20"]
[NIC "SI.48"]
[Time "21:19:41"]
[TimeControl "180+0"]

1. e4 c5 2. d3 Nc6 3. f4 e6 4. Nf3 d5 5. Be2 Nf6 6. e5 Nd7 7. O-O Be7 8. c3
d4 9. c4 O-O 10. Nbd2 f6 11. exf6 Nxf6 12. Ng5 Bd6 13. Nde4 e5 14. Nxd6 Qxd6
15. Ne4 Nxe4 16. dxe4 exf4 17. Bf3 Ne5 18. Bh5 Nxc4 19. Qb3 Be6 20. Bg4 Bf7
21. Bxf4 Qc6 22. Qc2 Rae8 23. Rae1 Ne3 24. Bxe3 dxe3 25. Rxe3 Bg6 26. Rxf8+
Rxf8 27. Bf3 h6 28. Qc4+ Kh7 29. Qd5 Qb6 30. Rb3 Qa5 31. Rxb7 Qe1#
{White checkmated}
0-1

[Event "ICC Open 2015"]
[Site "Internet Chess Club"]
[Date "2015.05.29"]
[Round "10"]
[White "MadMad"]
[Black "paulmagriel"]
[Result "0-1"]
[ICCResult "White resigns"]
[WhiteElo "1372"]
[BlackElo "2028"]
[Opening "King's Indian: 4.e4"]
[ECO "E76"]
[NIC "KI.32"]
[Time "21:19:43"]
[TimeControl "180+0"]

1. d4 Nf6 2. c4 g6 3. Nc3 Bg7 4. e4 O-O 5. f4 d6 6. Nf3 Na6 7. Be2 e5 8.
dxe5 dxe5 9. Qxd8 Rxd8 10. Nxe5 Nc5 11. Bf3 Ne8 12. Be3 Bxe5 13. fxe5 Nd3+
14. Ke2 Nxe5 15. Rhd1 Be6 16. Rxd8 Bxc4+ 17. Kf2 Rxd8 18. Nd5 Bxd5 19. exd5
Nxf3 20. gxf3 Rxd5 21. Bxa7 b6 22. Bb8 Rd8 {White resigns} 0-1

[Event "ICC Open 2015"]
[Site "Internet Chess Club"]
[Date "2015.05.29"]
[Round "10"]
[White "johnny197"]
[Black "Dewey"]
[Result "0-1"]
[ICCResult "White resigns"]
[WhiteElo "1346"]
[BlackElo "1350"]
[Opening "QGD: Marshall defense"]
[ECO "D06"]
[NIC "QP.08"]
[Time "21:20:47"]
[TimeControl "180+0"]

1. d4 d5 2. c4 Nf6 3. cxd5 Nxd5 4. e4 Nb6 5. Be3 e6 6. a3 a6 7. Nc3 Be7 8.
d5 exd5 9. Bxb6 cxb6 10. Nxd5 O-O 11. Nxe7+ Qxe7 12. f3 Nc6 13. Be2 Be6 14.
f4 Rad8 15. Qc2 Nd4 16. Qd2 Nb3 17. Qb4 Qxb4+ 18. axb4 Nxa1 19. Nf3 Nb3 20.
Kf2 Nd4 21. Rd1 Nxf3 22. Rxd8 Rxd8 23. Bxf3 Rd2+ 24. Ke3 Rxb2 25. f5 Bc4
{White resigns}
0-1

[Event "ICC Open 2015"]
[Site "Internet Chess Club"]
[Date "2015.05.29"]
[Round "10"]
[White "BonifaceVIII"]
[Black "Darnoc"]
[Result "0-1"]
[ICCResult "White resigns"]
[WhiteElo "2613"]
[BlackElo "3001"]
[Opening "QGD Slav: 4.e3 Bf5"]
[ECO "D12"]
[NIC "SL.01"]
[Time "21:20:19"]
[TimeControl "180+0"]

1. d4 d5 2. c4 c6 3. Nf3 Nf6 4. e3 Bf5 5. cxd5 cxd5 6. Qb3 Qc7 7. Bd2 e6 8.
Bb5+ Nc6 9. Ne5 Bd6 10. Qa4 Bxe5 11. dxe5 Nd7 12. f4 Nc5 13. Qa3 Qb6 14.
Bxc6+ bxc6 15. O-O Nd3 16. b3 a5 17. Nc3 Qb4 18. Qxb4 axb4 19. Na4 O-O 20.
h3 c5 21. Rfd1 c4 {White resigns} 0-1

[Event "ICC Open 2015"]
[Site "Internet Chess Club"]
[Date "2015.05.29"]
[Round "10"]
[White "gotsjo"]
[Black "Moreno1"]
[Result "1-0"]
[ICCResult "Black resigns"]
[WhiteElo "1366"]
[BlackElo "1248"]
[Opening "Philidor's defense"]
[ECO "C41"]
[NIC "KP.10"]
[Time "21:20:41"]
[TimeControl "180+0"]

1. e4 e5 2. Nf3 d6 3. Bc4 Qf6 4. c3 h6 5. O-O c6 6. d4 Be7 7. d5 Qg6 8. Be3
Bh3 9. g3 Bxf1 10. Bxf1 h5 11. Bh3 Nd7 12. Nh4 Bxh4 13. Bf5 Qf6 14. gxh4
Qxh4 15. dxc6 bxc6 16. Qxd6 Rd8 17. Nd2 Ngf6 18. Nf3 Nb6 19. Qxe5+ Kf8 20.
Nxh4 g5 21. Qxf6 Kg8 22. Qxd8+ {Black resigns} 1-0

[Event "ICC Open 2015"]
[Site "Internet Chess Club"]
[Date "2015.05.29"]
[Round "10"]
[White "EREBUNI"]
[Black "kingmate"]
[Result "1-0"]
[ICCResult "Black resigns"]
[WhiteElo "3051"]
[BlackElo "2528"]
[Opening "French: Albin-Alekhine-Châtard attack"]
[ECO "C13"]
[NIC "FR.06"]
[Time "21:19:36"]
[TimeControl "180+0"]

1. e4 e6 2. d4 d5 3. Nc3 Nf6 4. Bg5 Be7 5. e5 Nfd7 6. h4 h6 7. Bxe7 Qxe7 8.
Nf3 a6 9. Qd2 c5 10. O-O-O Nc6 11. dxc5 Ndxe5 12. Nxe5 Nxe5 13. Re1 Nc4 14.
Qd4 O-O 15. Nxd5 Qd8 16. Bxc4 exd5 17. Qxd5 Qxd5 18. Bxd5 Be6 19. Bxb7 Ra7
20. c6 a5 21. Re5 Bxa2 22. b3 a4 23. Kb2 axb3 24. cxb3 Rd8 25. c7 Rd2+ 26.
Kc3 Rxf2 27. c8=Q+ Kh7 28. Be4+ g6 29. h5 {Black resigns} 1-0

[Event "ICC Open 2015"]
[Site "Internet Chess Club"]
[Date "2015.05.29"]
[Round "10"]
[White "ZeCarioca"]
[Black "bennywins"]
[Result "1-0"]
[ICCResult "Black checkmated"]
[WhiteElo "1620"]
[BlackElo "1185"]
[Opening "Nimzo-Indian: Reshevsky variation"]
[ECO "E46"]
[NIC "NI.10"]
[Time "21:20:16"]
[TimeControl "180+0"]

1. d4 e6 2. c4 Nf6 3. Nc3 Bb4 4. e3 O-O 5. Ne2 Re8 6. a3 Bxc3+ 7. Nxc3 d5 8.
cxd5 exd5 9. Bd3 Bg4 10. Qc2 Nc6 11. O-O Qe7 12. b4 a6 13. Bb2 Bd7 14. Rae1
Na7 15. e4 Qd6 16. e5 Qc6 17. exf6 Qxf6 18. Nxd5 Qd6 19. Bxh7+ Kf8 20. Rxe8+
Rxe8 21. Ne3 g6 22. d5 Nb5 23. a4 Na7 24. Qc3 Re7 25. Qh8# {Black
checkmated} 1-0

[Event "ICC Open 2015"]
[Site "Internet Chess Club"]
[Date "2015.05.29"]
[Round "10"]
[White "Werewolf"]
[Black "MichelRocard"]
[Result "0-1"]
[ICCResult "White checkmated"]
[WhiteElo "2206"]
[BlackElo "1943"]
[Opening "Four knights: Schultze-Müller gambit"]
[ECO "C47"]
[NIC "RG.01"]
[Time "21:20:13"]
[TimeControl "180+0"]

1. e4 e5 2. Nf3 Nf6 3. Nc3 Nc6 4. Nxe5 Nxe5 5. d4 Nc6 6. d5 Ne5 7. f4 Ng6 8.
e5 Bc5 9. exf6 O-O 10. fxg7 Re8+ 11. Be2 d6 12. Qd3 Bg4 13. Bd2 Qh4+ 14. g3
Qh5 15. Kd1 Rxe2 16. Nxe2 Re8 17. Re1 Bf2 18. h3 Qxh3 19. Qb5 Rxe2 20. Rxe2
Qf1+ 21. Be1 Qxe1# {White checkmated} 0-1

[Event "ICC Open 2015"]
[Site "Internet Chess Club"]
[Date "2015.05.29"]
[Round "10"]
[White "pvchandu"]
[Black "Kyekerz"]
[Result "1-0"]
[ICCResult "Black checkmated"]
[WhiteElo "1393"]
[BlackElo "1244"]
[Opening "Blackmar gambit"]
[ECO "D00"]
[NIC "QP.08"]
[Time "21:20:19"]
[TimeControl "180+0"]

1. d4 d5 2. e4 dxe4 3. Nc3 Bf5 4. f3 exf3 5. Qxf3 Bc8 6. Be3 e6 7. O-O-O Nf6
8. h3 Bb4 9. Bg5 Bxc3 10. Qxc3 Nbd7 11. g4 b6 12. Bg2 Rb8 13. Bf4 Nd5 14.
Bxd5 exd5 15. Bxc7 Qg5+ 16. Kb1 Rb7 17. Re1+ Kf8 18. Bd6+ Kg8 19. Qxc8+ Nf8
20. Qxf8# {Black checkmated} 1-0

[Event "ICC Open 2015"]
[Site "Internet Chess Club"]
[Date "2015.05.29"]
[Round "10"]
[White "HardAsfalt"]
[Black "Cinzento"]
[Result "0-1"]
[ICCResult "White checkmated"]
[WhiteElo "1700"]
[BlackElo "1735"]
[Opening "Sicilian defense"]
[ECO "B30"]
[NIC "SI.31"]
[Time "21:20:51"]
[TimeControl "180+0"]

1. e4 c5 2. Nf3 Nc6 3. c3 Nf6 4. d4 cxd4 5. cxd4 Nxe4 6. Bc4 d5 7. Bb3 Bg4
8. O-O e6 9. Qd3 Bd6 10. Nc3 O-O 11. a4 Qf6 12. Bc2 Bf5 13. Qb5 Nxc3 14.
bxc3 Bxc2 15. Bg5 Qg6 16. Qxb7 Na5 17. Qa6 Nc4 18. Rae1 Bd3 19. Ne5 Bxe5 20.
dxe5 Bxf1 21. Rxf1 Qxg5 22. f4 Qg6 23. Qc6 Ne3 24. Rf3 Qxg2# {White
checkmated} 0-1